 Dungeon Crawl Stone Soup version 0.30-a0-4-ga7cffc901d (webtiles) character file.

Game seed: 13385769130559461568

3208 Sweeb the Covert (level 9, -10/72 HPs)
             Began as a Demonspawn Monk on Aug 20, 2022.
             Was a Priest of Makhleb.
             Mangled by a two-headed ogre
             ... wielding a +0 giant spiked club
              (31 damage)
             ... on level 8 of the Dungeon.
             The game lasted 00:13:31 (9545 turns).

Sweeb the Covert (Demonspawn Monk)                  Turns: 9545, Time: 00:13:31

Health: -10/72     AC: 12    Str: 14    XL:     9   Next: 65%
Magic:  9/9        EV: 12    Int: 14    God:    Makhleb [***...]
Gold:   617        SH:  7    Dex: 18    Spells: 9/9 levels left

rFire   . . .      SeeInvis .      - Unarmed
rCold   . . .      Faith    .    q - +1 buckler
rNeg    . . .      Spirit   .    f - +0 ring mail
rPois   +          Reflect  .    (helmet restricted)
rElec   .          Harm     .    (no cloak)
rCorr   .          Rampage  .    p - +2 pair of gloves {Str+3}
Will    .....                    (no boots)
Stlth   ++++......               (no amulet)
HPRegen 0.22/turn                e - ring of poison resistance
MPRegen 0.22/turn                j - +4 ring of protection

@: studying 2 skills, invisible
A: antennae 1, demonic guardian 1, magic regeneration, sturdy frame 1
a: Renounce Religion, Minor Destruction, Lesser Servant of Makhleb


You were on level 8 of the Dungeon.
You worshipped Makhleb.
Makhleb was most pleased with you.
You visited 1 branch of the dungeon, and saw 8 of its levels.
You also visited: Ossuary.

You collected 617 gold pieces.

Inventory:

Hand Weapons
 k - a +3 whip of venom
Armour
 a - a +0 robe
 d - a +0 pair of gloves
 f - a +0 ring mail (worn)
 p - a +2 pair of gloves of strength (worn)
 q - a +1 buckler (worn)
Jewellery
 e - a ring of poison resistance (left hand)
 j - a +4 ring of protection (right hand)
 o - a +6 ring of intelligence
 z - a +6 ring of intelligence
Wands
 v - a wand of flame (48)
 B - a wand of mindburst (8)
 C - a wand of iceblast (14)
Scrolls
 i - 4 scrolls of teleportation
 r - a scroll of enchant armour
 s - a scroll of immolation
 t - a scroll of identify
 u - a scroll of enchant weapon
 x - 3 scrolls of fog
 y - a scroll of magic mapping {unknown}
 E - a scroll of acquirement {unknown}
Potions
 b - 2 potions of ambrosia
 c - 7 potions of flight
 g - a potion of magic
 h - 5 potions of curing
 l - 3 potions of brilliance
 m - 4 potions of lignification
 n - a potion of berserk rage
 w - 2 potions of attraction {unknown}
 D - a potion of haste
 F - 2 potions of mutation


   Skills:
 + Level 7.4 Fighting
 - Level 2.6 Dodging
 + Level 9.8 Stealth
 + Level 6.1 Shields
 * Level 6.8 Unarmed Combat
 + Level 0.5 Spellcasting


You had 9 spell levels left.
You didn't know any spells.
Your spell library contained the following spells:

 Spells                   Type           Power      Damage    Failure   Level
 Blink                    Tloc           0%         N/A       61%         2
 Confusing Touch          Hex            0%         N/A       83%         3
 Dazzling Flash           Conj/Hex       0%         N/A       83%         3
 Lesser Beckoning         Tloc           0%         N/A       83%         3
 Stone Arrow              Conj/Erth      0%         3d7       83%         3
 Animate Armour           Summ/Erth      0%         N/A       99%         4
 Agony                    Necr           0%         N/A       100%        5
 Manifold Assault         Tloc           0%         N/A       100%        5
 Silence                  Hex/Air        0%         N/A       100%        5
 Yara's Violent Unravell  Hex/Tmut       0%         3d3       100%        5
 Enfeeble                 Hex            0%         N/A       100%        7
 Lehudib's Crystal Spear  Conj/Erth      0%         10d2      100%        8


Dungeon Overview and Level Annotations

Branches:
Dungeon (8/15)             Temple (0/1) D:7         Ossuary (visited)
   Lair: D:8-11

Altars:
Ashenzari
Cheibriados
Dithmenos
Makhleb
Qazlal
Uskayaw

Shops:
D:3 :


Innate Abilities, Weirdness & Mutations

You have a pair of small antennae on your head.
A weak demonic guardian rushes to your aid.
You regenerate magic rapidly.
Your movements are slightly less encumbered by armour. (ER -2)


Message History

The two-headed ogre shouts in stereo!
You hit the two-headed ogre.
The two-headed ogre is lightly wounded.
The two-headed ogre hits you with a +0 giant spiked club!!
A demonic guardian appears!
You block the two-headed ogre's attack.
You punch the two-headed ogre!
The two-headed ogre is lightly wounded.
Something hits your white imp but does no damage.
You hit the two-headed ogre.
The two-headed ogre is moderately wounded.
Your white imp hits the two-headed ogre but does no damage.
The two-headed ogre hits you with a +0 giant spiked club.
The two-headed ogre closely misses you. Something hits your white imp.
You hit the two-headed ogre.
The two-headed ogre is moderately wounded.
Your white imp completely misses the two-headed ogre.
Something hits your white imp. The two-headed ogre misses you.
The two-headed ogre hits you with a +0 giant spiked club!!
* * * LOW HITPOINT WARNING * * *
You are too injured to fight recklessly!
You fade into invisibility!
Your white imp hits the two-headed ogre but does no damage.
Something hits your white imp.
You catch the helpless two-headed ogre completely off-guard!
You hit the two-headed ogre.
The two-headed ogre is moderately wounded.
Your white imp hits the two-headed ogre but does no damage.
The two-headed ogre misses you. x2; Something hits your white imp.
Your white imp dies!
Your white imp disappears in a puff of smoke!
You punch the two-headed ogre!
The two-headed ogre is heavily wounded.
You catch the helpless two-headed ogre completely off-guard!
You hit the two-headed ogre but do no damage.
The two-headed ogre is heavily wounded.
An orc comes into view. It is wielding a +0 short sword.
You punch the two-headed ogre!
The two-headed ogre is severely wounded.
The two-headed ogre hits you with a +0 giant spiked club!!
You die...

+....# ####.##.#.#
###### ##.......#.#
#...#.####.#
#...#......#
#...######## ####
#...# o.# #...########
#O# #.........##
##@#####....###...#
...#..................
#....................
#.#..................
......#####...†.....)#
###.#### #...########
#. #...# # # #..(# #
#...########


You could see a two-headed ogre (unable to see you) and an orc (unable to see
you).

Vanquished Creatures
  Grinder (D:3)
  Menkaure (D:5)
  A water moccasin (D:8)
  2 ice beasts
  2 sky beasts
  2 ogres
  2 centaurs
  2 phantoms
  2 bullfrogs
  A kobold brigand (D:7)
  5 scorpions
  6 killer bees
  2 howler monkeys
  A jelly (D:4)
  3 hounds
  3 orc priests
  4 iguanas
  An orc wizard (D:6)
  5 hell rats (D:6)
  8 mummies (Ossuary)
  6 gnolls
  13 adders
  19 river rats (D:6)
  2 white imps
  An ufetubus (D:4)
  4 worms
  A dart slug (D:2)
  8 orcs
  9 ball pythons
  6 bats
  11 endoplasms
  2 giant cockroaches
  3 gnoll zombies (Ossuary)
  11 goblins
  6 hobgoblins
  4 quokkas
  A frilled lizard (D:2)
  10 kobolds
  A kobold zombie (Ossuary)
  4 orc zombies (Ossuary)
  7 rats
183 creatures vanquished.

Vanquished Creatures (collateral kills)
  An orc priest (D:4)
  A hound (D:5)
  A gnoll (D:6)
  An adder (D:4)
  A white imp (D:4)
  An orc (D:6)
  A hobgoblin (D:4)
7 creatures vanquished.

Grand Total: 190 creatures vanquished

Notes
Turn   | Place    | Note
-------+----------+-------------------------------------------
     0 | D:1      | Sweeb the Demonspawn Monk began the quest for the Orb.
     0 | D:1      | Reached XP level 1. HP: 18/18 MP: 1/1
   153 | D:1      | Reached skill level 2 in Stealth
   286 | D:1      | Gained mutation: Your movements are slightly less
                  | encumbered by armour. (ER -2) [demonic ancestry]
   286 | D:1      | Reached XP level 2. HP: 24/24 MP: 2/2
  1022 | D:2      | Reached skill level 3 in Stealth
  1022 | D:2      | Reached XP level 3. HP: 23/29 MP: 3/3
  1528 | D:2      | Reached XP level 4. HP: 36/37 MP: 4/4
  1917 | D:3      | Reached skill level 4 in Stealth
  1946 | D:3      | Reached XP level 5. HP: 38/42 MP: 5/5
  2025 | D:3      | Identified the +5 hand axe of the Ten Invaders {holy,
                  | rElec}
  2067 | D:3      | Found a broken altar of Ashenzari.
  2077 | D:3      | Noticed Grinder
  2104 | D:3      | Killed Grinder
  2105 | D:3      | Reached skill level 5 in Stealth
  2105 | D:3      | Gained mutation: A weak demonic guardian rushes to your
                  | aid. [demonic ancestry]
  2105 | D:3      | Reached XP level 6. HP: 32/50 MP: 6/6
  2490 | D:3      | Found Noleffuc's Book Shop.
  2673 | D:4      | Reached skill level 5 in Fighting
  2673 | D:4      | Reached skill level 6 in Stealth
  2679 | D:4      | Gained mutation: You regenerate magic rapidly. [demonic
                  | ancestry]
  2679 | D:4      | Reached XP level 7. HP: 39/56 MP: 7/7
  2787 | D:4      | Found a sand-covered staircase.
  2811 | Ossuary  | Entered an ossuary
  3218 | Ossuary  | Reached skill level 5 in Unarmed Combat
  3895 | D:4      | Reached skill level 1 in Shields
  4150 | D:4      | Found a shadowy altar of Dithmenos.
  4270 | D:4      | Reached skill level 7 in Stealth
  4524 | D:5      | Entered Level 5 of the Dungeon
  4605 | D:5      | Gained mutation: You have a pair of small antennae on your
                  | head. [demonic ancestry]
  4605 | D:5      | Reached XP level 8. HP: 64/64 MP: 8/8
  4722 | D:5      | Found a burning altar of Makhleb.
  4751 | D:5      | Became a worshipper of Makhleb the Destroyer
  4751 | D:5      | Reached * piety under Makhleb
  4751 | D:5      | Reached ** piety under Makhleb
  4781 | D:5      | Found a snail-covered altar of Cheibriados.
  4847 | D:5      | Noticed Menkaure
  4874 | D:5      | Killed Menkaure
  5231 | D:5      | Reached skill level 8 in Stealth
  5721 | D:6      | Found a stormy altar of Qazlal.
  6465 | D:6      | Found the +2 ratskin cloak {*Rats rPois rN+ Str-1 Int-1
                  | Dex+1}
  6709 | D:6      | Noticed an angel
  6726 | D:6      | Reached XP level 9. HP: 71/71 MP: 9/9
  7218 | D:6      | Reached skill level 5 in Shields
  7420 | D:6      | Reached skill level 9 in Stealth
  7596 | D:6      | Reached *** piety under Makhleb
  8747 | D:7      | Found a staircase to the Ecumenical Temple.
  9141 | D:7      | Found a hide-covered altar of Uskayaw.
  9533 | D:8      | Noticed a two-headed ogre
  9545 | D:8      | Mangled by a two-headed ogre

Illustrated notes

Levels and vault maps discovered:
D:1:      dpeg_arrival_round_a, layout_loops_ring
D:2:      layout_rooms, minmay_between
D:3:      layout_rooms, cheibrodos_ashenzari_chains, serial_shops,
          nicolae_square_shop, kennysheep_cluttered_room, uniq_grinder
D:4:      layout_cave_pools, mainiacjoe_overflow_six_doors_small,
          nicolae_ossuary_entry_false_entrances, palyth_stone_intersect,
          minmay_manual_mandibuliform
D:5:      layout_rooms, kennysheep_mini, mainiacjoe_overflow_large_starburst,
          uniq_menkaure
D:6:      wander_guarded_unrand_ratskin, layout_basic,
          nicolae_qazlal_general_emergency, zin_angel
D:7:      layout_loops_cross, nicolae_uskayaw_suspiria,
          minmay_temple_entry_sparse_star
D:8:      layout_loops_cross, nicolae_overflow_hidden_temple,
          chequers_serial_rivers_room_b, eino_jars, uniq_joseph

Skill      XL: |  1  2  3  4  5  6  7  8  9 |
---------------+----------------------------+-----
Stealth        | 2 3 4 5 6 7 8 9 |  9.8
Unarmed Combat | 3 4 5 6 |  6.8
Fighting       | 4 5 6 7 |  7.4
Shields        | 2 4 6 |  6.1
Dodging        | |  2.6
Spellcasting   | |  0.5

Action                   |  1- 3 |  4- 6 |  7- 9 || total
-------------------------+-------+-------+-------++-------
Melee: Unarmed           |   146 |   171 |   822 ||  1139
       Punch             |     8 |     3 |     1 ||    12
  Use: Scroll            |     1 |     5 |    18 ||    24
       Potion            |       |     2 |     9 ||    11
 Stab: Sleeping          |     8 |     3 |    14 ||    25
       Invisible         |       |     6 |     4 ||    10
       Distracted        |       |       |     2 ||     2
Armor: Robe              |     4 |       |       ||     4
       Ring mail         |    59 |    74 |   260 ||   393
Dodge: Dodged            |   118 |   106 |   420 ||   644
Block: Buckler           |       |       |   227 ||   227

Table legend: (Time is in decaauts)
 A = Elapsed time spent in this place.
 B = Non-inter-level travel time spent in this place.
 C = Inter-level travel time spent in this place.
 D = Time resting spent in this place.
 E = Time spent auto-exploring this place.
 F = Levels seen in this place.
 G = Mean time per level.
                   A        B        C        D        E       F      G
               +--------+--------+--------+--------+--------+-----+--------+
         Total |   9464 |   9216 |    248 |   2560 |   4679 |   9 | 1051.6 |
       Dungeon |   8565 |   8317 |    248 |   1972 |   4577 |   8 | 1070.6 |
       Ossuary |    899 |    899 |      0 |    588 |    102 |   1 |  899.0 |
               +--------+--------+--------+--------+--------+-----+--------+

Top non-repeatable levels by time:
     D:6: 2212 daAuts
     D:7: 1478 daAuts
     D:2: 999 daAuts
     D:4: 977 daAuts
     D:5: 927 daAuts
 Ossuary: 899 daAuts
     D:1: 851 daAuts
     D:3: 763 daAuts
     D:8: 353 daAuts
